Workbook

Sheet Leyenda
A1: PROGRAMA OPERATIVO | B1: PROGRAMA | C1: OBSERVACIONES
A2: Observaciones Generales | C2: · Cumplimentar únicamente celdas en amarillo. · Se contempla la ejecución desde 1 de enero de 2026 en todos los programas. · IMPORTANTE: Introducir la CCAA en pestaña "Resumen" para que se reflejen los importes asociados a las formaciones
A3: EFESO | B3: 45+ | C3: · Para el presente ejercicio se mantiene una estructura de tramos equivalente a la actual, sin perjuicio de posibles modificaciones a implementar · La proporción de los indicadores a realizar por cada tramo se verá sujeta en todo caso a valoración por parte de CCE, como en anteriores anualidades
B4: Encuentros 45+ | C4: · Encuentros formulados en base a "proyecto de presupuesto". · Se reflejan distintos tipos de Encuentro en función del alcance de público asistente. Nuevo Encuentro de 80.000 para 200 beneficiarios · Máximo de cuatro encuentros por anualidad.
B5: Empresarias - Proyecto A | C5: Dedicación efectiva del técnico con coste/hora fijo: 38,46 € * nº de horas dedicadas
B6: Empresarias - Proyecto B | C6: · Se alinea la estructura de los módulos horarios de las acciones formativas al resto de programas. · Importes y cofinanciación del período 2021-2027
B7: España Emprende - Proyecto A | C7: Dedicación efectiva del técnico con coste/hora fijo: 38,46 € * nº de horas dedicadas
B8: España Emprende - Proyecto B | C8: · Se alinea la estructura de los módulos horarios de las acciones formativas al resto de programas. · Importes y cofinanciación del período 2021-2027
B9: Impulsa Startup | C9: · Proyecto de Presupuesto
B10: FP PYME | C10: Dedicación efectiva del técnico con coste/hora fijo: 38,46 € * nº de horas dedicadas
B11: Ferias FP Pyme | C11: · Ferias formuladas en base a "proyecto de presupuesto". · Se reflejan distintos tipos de Feria en función del objetivo de empresas asesoradas · Máximo de cuatro ferias por anualidad.
B12: Somos FP | C12: Dedicación efectiva del técnico con coste/hora fijo: 38,46 € * nº de horas dedicadas

Sheet RESUMEN
A1: PROGRAMAS ÁREA EFE 2026 | C1: Introducir CCAA --->
A2: Programa FSE+ | B2: Programa | C2: Coste Total | D2: Ayuda FSE (69,64%) | E2: CCT (30,36%)
A3: EFESO | B3: Talento 45+ | C3: ='Talento_45+'!B7 -> 0 | D3: ='Talento_45+'!C7 -> 0 | E3: ='Talento_45+'!D7 -> 0
B4: Encuentros 45+ | C4: ='Encuentros 45+'!E7 -> 0 | D4: ='Encuentros 45+'!F7 -> 0 | E4: ='Encuentros 45+'!G7 -> 0
B5: Emprendedoras - Proyecto A | C5: ='Emprendedoras_Proyectos A y B'!B3 -> 0 | D5: ='Emprendedoras_Proyectos A y B'!C3 -> 0 | E5: ='Emprendedoras_Proyectos A y B'!D3 -> 0
B6: Emprendedoras - Proyecto B | C6: ='Emprendedoras_Proyectos A y B'!B4 -> 0 | D6: ='Emprendedoras_Proyectos A y B'!C4 -> 0 | E6: ='Emprendedoras_Proyectos A y B'!D4 -> 0
B7: España Emprende - Proyecto A | C7: ='EE_Proyectos A y B'!B3 -> 0 | D7: ='EE_Proyectos A y B'!C3 -> 0 | E7: ='EE_Proyectos A y B'!D3 -> 0
B8: España Emprende - Proyecto B | C8: ='EE_Proyectos A y B'!B4 -> 0 | D8: ='EE_Proyectos A y B'!C4 -> 0 | E8: ='EE_Proyectos A y B'!D4 -> 0
B9: Impulsa Startup | C9: =Impulsa_Startup!C8 -> 0 | D9: =Impulsa_Startup!D8 -> 0 | E9: =Impulsa_Startup!E8 -> 0
B10: FP PYME | C10: ='FP Pyme y Ferias FP Pyme'!B3 -> 0 | D10: ='FP Pyme y Ferias FP Pyme'!C3 -> 0 | E10: ='FP Pyme y Ferias FP Pyme'!D3 -> 0
B11: Ferias FP Pyme | C11: ='FP Pyme y Ferias FP Pyme'!E11 -> 0 | D11: ='FP Pyme y Ferias FP Pyme'!F11 -> 0 | E11: ='FP Pyme y Ferias FP Pyme'!G11 -> 0
B12: Somos FP Dual | C12: ='Somos FP'!B4 -> 0 | D12: ='Somos FP'!C4 -> 0 | E12: ='Somos FP'!D4 -> 0
A13: Total EFESO 2025 | C13: =SUM(C3:C12) -> 0 | D13: =SUM(D3:D12) -> 0 | E13: =SUM(E3:E12) -> 0

Sheet Hoja1
A1: Andalucía | B1: 2496.9
A2: Aragón | B2: 2812.6
A3: Asturias | B3: 2812.6
A4: Canarias | B4: 2611.7
A5: Cantabria | B5: 2755.2
A6: Castilla_La_Mancha | B6: 2525.6
A7: Castilla_y_León | B7: 2611.7
A8: Cataluña | B8: 3128.3
A9: Ceuta | B9: 3070.9
A10: Comunidad_Valenciana | B10: 2611.7
A11: Extremadura | B11: 2410.8
A12: Galicia | B12: 2525.6
... A18: País_Vasco | B18: 3357.9

Sheet Talento_45+
A1: 2026 | B1: TALENTO 45+
B2: Coste Total | C2: FSE (69,64%) | D2: CCT (30,36%)
A3: Orientación Empleabilidad | B3: =B11*B12 -> 0 | C3: =B3*0.6964 -> 0 | D3: =B3-C3 -> 0
A4: Formación Presencial y Online | B4: =E22 -> 0 | C4: =B4*0.6964 -> 0 | D4: =B4-C4 -> 0
A5: Diagnóstico Reconversión | B5: =C11*C12 -> 0 | C5: =B5*0.6964 -> 0 | D5: =B5-C5 -> 0
A6: Inserción Laboral | B6: =D11*D12 -> 0 | C6: =B6*0.6964 -> 0 | D6: =B6-C6 -> 0
A7: Presupuesto Total | B7: =SUM(B3:B6) -> 0 | C7: =SUM(C3:C6) -> 0 | D7: =B7-C7 -> 0
A9: CALCULADORA TALENTO 45+
B10: Orientación | C10: Diagnóstico para la reconversión | D10: Ayudas a la contratación
A11: Indicadores
A12: Coste Unitario | B12: 189.54 | C12: 205.34 | D12: 5000
A13: Presupuesto Tramos y Ayudas | B13: =B12*B11 -> 0 | C13: =C12*C11 -> 0 | D13: =D12*D11 -> 0
A15: CALCULADORA TALENTO 45+
A16: Tramo Formación | B16: Nº Horas | C16: Importe | D16: Nº Indicadores | E16: Coste Total | F16: FSE (69,64%) | G16: CCT (30,36%)
A17: Formación Talento 45+ | B17: 30 | C17: =IFERROR(VLOOKUP(RESUMEN!$D$1,Hoja1!$A$1:$B$18,2,FALSE),0) -> 0 | E17: =C17*D17 -> 0 | F17: =E17*0.6964 -> 0 | G17: =E17-F17 -> 0
B18: 60 | C18: =IFERROR(VLOOKUP(RESUMEN!$D$1,Hoja1!$A$1:$B$18,2,FALSE),0) -> 0 | E18: =C18*D18 -> 0 | F18: =E18*0.6964 -> 0 | G18: =E18-F18 -> 0
B19: 90 | C19: =IFERROR(VLOOKUP(RESUMEN!$D$1,Hoja1!$A$1:$B$18,2,FALSE),0) -> 0 | E19: =C19*D19 -> 0 | F19: =E19*0.6964 -> 0 | G19: =E19-F19 -> 0
A20: Promedio horas Talento 45+ | B20: 120 | C20: =IFERROR(VLOOKUP(RESUMEN!$D$1,Hoja1!$A$1:$B$18,2,FALSE),0) -> 0 | E20: =C20*D20 -> 0 | F20: =E20*0.6964 -> 0 | G20: =E20-F20 -> 0
A21: =((D17*30)+(D18*60)+(D19*90)+(D20*120)+(D21*150))/(SUM(D17:D21)) -> #DIV/0! | B21: 150 | C21: =IFERROR(VLOOKUP(RESUMEN!$D$1,Hoja1!$A$1:$B$18,2,FALSE),0) -> 0 | E21: =C21*D21 -> 0 | F21: =E21*0.6964 -> 0 | G21: =E21-F21 -> 0
A22: TOTAL | D22: =SUM(D17:D21) -> 0 | E22: =SUM(E17:E21) -> 0 | F22: =SUM(F17:F21) -> 0 | G22: =SUM(G17:G21) -> 0

Sheet Encuentros 45+
A1: Fondos Adicionales | B1: Presupuesto por Tipo de Encuentro | C1: Nº Beneficiarios por Tipo de Encuentro | D1: Insertar Nº de Encuentros según tipo (máximo 4) | E1: ENCUENTROS 45+ 2026
E2: Coste Total | F2: FSE (69,64%) | G2: CCT (30'36%)
A3: Encuentros 45+ - Tipo A | B3: 80000 | C3: 200 | E3: =B3*D3 -> 0 | F3: =E3*0.6964 -> 0 | G3: =E3-F3 -> 0
A4: Encuentros 45+ - Tipo B | B4: 60000 | C4: 150 | E4: =B4*D4 -> 0 | F4: =E4*0.6964 -> 0 | G4: =E4-F4 -> 0
A5: Encuentros 45+ - Tipo C | B5: 40000 | C5: 100 | E5: =B5*D5 -> 0 | F5: =E5*0.6964 -> 0 | G5: =E5-F5 -> 0
A6: Encuentros 45+ - Tipo D | B6: 20000 | C6: 50 | E6: =B6*D6 -> 0 | F6: =E6*0.6964 -> 0 | G6: =E6-F6 -> 0
A7: Petición Fondos Adicionales | D7: =SUM(D3:D6) -> 0 | E7: =SUM(E3:E6) -> 0 | F7: =SUM(F3:F6) -> 0 | G7: =SUM(G3:G6) -> 0
D8: =IF(D7>4,"Error: Nº máximo de Encuentros 45+ = 4","")

Sheet Emprendedoras_Proyectos A y B
A1: 2026 | B1: Emprendedoras | F1: GABINETE - Proyecto A
B2: Coste Total | C2: FSE (69,64%) | D2: CCT (30,36%) | F2: Nº Horas Efectivas del técnico | G2: Coste/Hora Único + Otros Costes 40%
A3: Gabinete - Proyecto A | B3: =F3*G3 -> 0 | C3: =B3*0.6964 -> 0 | D3: =B3-C3 -> 0 | G3: 38.46
A4: Formación - Proyecto B | B4: =E14 -> 0 | C4: =B4*0.6964 -> 0 | D4: =B4-C4 -> 0
A5: TOTAL | B5: =SUM(B3:B4) -> 0 | C5: =SUM(C3:C4) -> 0 | D5: =SUM(D3:D4) -> 0
A7: CALCULADORA PROYECTO B - Emprendedoras
A8: Tipo Formación | B8: Nº Horas | C8: Importe | D8: Indicadores | E8: Coste Total | F8: FSE (69,64%) | G8: CCT (30,36%)
A9: Formación Proyecto B | B9: 30 | C9: =IFERROR(VLOOKUP(RESUMEN!$D$1,Hoja1!$A$1:$B$18,2,FALSE),0) -> 0 | E9: =C9*D9 -> 0 | F9: =+E9*0.6964 -> 0 | G9: =+E9-F9 -> 0
B10: 60 | C10: =IFERROR(VLOOKUP(RESUMEN!$D$1,Hoja1!$A$1:$B$18,2,FALSE),0) -> 0 | E10: =C10*D10 -> 0 | F10: =+E10*0.6964 -> 0 | G10: =+E10-F10 -> 0
B11: 90 | C11: =IFERROR(VLOOKUP(RESUMEN!$D$1,Hoja1!$A$1:$B$18,2,FALSE),0) -> 0 | E11: =C11*D11 -> 0 | F11: =+E11*0.6964 -> 0 | G11: =+E11-F11 -> 0
A12: Promedio horas Emprendedoras | B12: 120 | C12: =IFERROR(VLOOKUP(RESUMEN!$D$1,Hoja1!$A$1:$B$18,2,FALSE),0) -> 0 | E12: =C12*D12 -> 0 | F12: =+E12*0.6964 -> 0 | G12: =+E12-F12 -> 0
A13: =((D9*30)+(D10*60)+(D11*90)+(D12*120)+(D13*150))/(SUM(D9:D13)) -> #DIV/0! | B13: 150 | C13: =IFERROR(VLOOKUP(RESUMEN!$D$1,Hoja1!$A$1:$B$18,2,FALSE),0) -> 0 | E13: =C13*D13 -> 0 | F13: =+E13*0.6964 -> 0 | G13: =+E13-F13 -> 0
A14: Total Presupuesto Formación Emprendedoras 2026 | D14: =SUM(D9:D13) -> 0 | E14: =SUM(E9:E13) -> 0 | F14: =SUM(F9:F13) -> 0 | G14: =SUM(G9:G13) -> 0

Sheet EE_Proyectos A y B
A1: 2026 | B1: ESPAÑA EMPRENDE | F1: GABINETE - Proyecto A
B2: Coste Total | C2: FSE (69,64%) | D2: CCT (30,36%) | F2: Nº Horas Efectivas del técnico | G2: Coste/Hora Único + Otros Costes 40%
A3: Gabinete - Proyecto A | B3: =F3*G3 -> 0 | C3: =B3*0.6964 -> 0 | D3: =B3-C3 -> 0 | G3: 38.46
A4: Formación - Proyecto B | B4: =E14 -> 0 | C4: =B4*0.6964 -> 0 | D4: =B4-C4 -> 0
A5: TOTAL | B5: =SUM(B3:B4) -> 0 | C5: =SUM(C3:C4) -> 0 | D5: =SUM(D3:D4) -> 0
A7: CALCULADORA PROYECTO B - ESPAÑA EMPRENDE
A8: Tipo Formación | B8: Nº Horas | C8: Importe | D8: Indicadores | E8: Coste Total | F8: FSE (69,64%) | G8: CCT (30,36%)
A9: Formación Proyecto B | B9: 30 | C9: =IFERROR(VLOOKUP(RESUMEN!$D$1,Hoja1!$A$1:$B$18,2,FALSE),0) -> 0 | E9: =C9*D9 -> 0 | F9: =+E9*69.64% -> 0 | G9: =+E9-F9 -> 0
B10: 60 | C10: =IFERROR(VLOOKUP(RESUMEN!$D$1,Hoja1!$A$1:$B$18,2,FALSE),0) -> 0 | E10: =C10*D10 -> 0 | F10: =+E10*69.64% -> 0 | G10: =+E10-F10 -> 0
B11: 90 | C11: =IFERROR(VLOOKUP(RESUMEN!$D$1,Hoja1!$A$1:$B$18,2,FALSE),0) -> 0 | E11: =C11*D11 -> 0 | F11: =+E11*69.64% -> 0 | G11: =+E11-F11 -> 0
A12: Promedio horas EE | B12: 120 | C12: =IFERROR(VLOOKUP(RESUMEN!$D$1,Hoja1!$A$1:$B$18,2,FALSE),0) -> 0 | E12: =C12*D12 -> 0 | F12: =+E12*69.64% -> 0 | G12: =+E12-F12 -> 0
A13: =((D9*30)+(D10*60)+(D11*90)+(D12*120)+(D13*150))/(SUM(D9:D13)) -> #DIV/0! | B13: 150 | C13: =IFERROR(VLOOKUP(RESUMEN!$D$1,Hoja1!$A$1:$B$18,2,FALSE),0) -> 0 | E13: =C13*D13 -> 0 | F13: =+E13*69.64% -> 0 | G13: =+E13-F13 -> 0
A14: Total Presupuesto Formación España Emprende 2026 | D14: =SUM(D9:D13) -> 0 | E14: =SUM(E9:E13) -> 0 | F14: =SUM(F9:F13) -> 0 | G14: =SUM(G9:G13) -> 0

Sheet Impulsa_Startup
A1: IMPULSA STARTUP 2026 | B1: CALCULADORA PRESUPUESTO IMPULSA STARTUP
B2: Indicadores | C2: Coste Total | D2: FSE (69,64%) | E2: CCT (30,36%)
A3: Fase 1 - Crea y Crece (Gabinete) | C3: =IFERROR(VLOOKUP(B3,Hoja2!$A$29:$B$33,2,FALSE),0) -> 0 | D3: =C3*0.6964 -> 0 | E3: =C3-D3 -> 0
A4: Fase 1 - Crea y Crece (Formación) | B4: =B3 -> 0 | C4: =IFERROR((VLOOKUP(RESUMEN!D1,Hoja2!A9:B26,2,FALSE))*B4,0) -> 0 | D4: =C4*0.6964 -> 0 | E4: =C4-D4 -> 0
A5: Total Fase 1 | C5: =SUM(C3:C4) -> 0 | D5: =SUM(D3:D4) -> 0 | E5: =SUM(E3:E4) -> 0
A6: Fase 2 - Despega (Gabinete) | C6: =IFERROR(VLOOKUP(B6,Hoja2!$A$37:$B$41,2,FALSE),0) -> 0 | D6: =C6*0.6964 -> 0 | E6: =C6-D6 -> 0
A7: Total Fase 2 | C7: =SUM(C6) -> 0 | D7: =C7*0.6964 -> 0 | E7: =C7-D7 -> 0
A8: TOTAL PROGRAMA STARTUPS | C8: =C7+C5 -> 0 | D8: =D7+D5 -> 0 | E8: =E7+E5 -> 0

Sheet Hoja2
A1: 30
A2: 25
A3: 20
A4: 15
A5: 10
A6: 0
A8: CCAA
A9: Andalucía | B9: 2496.9
A10: Aragón | B10: 2812.6
A11: Asturias | B11: 2812.6
A12: Canarias | B12: 2611.7
A13: Cantabria | B13: 2755.2
A14: Castilla_La_Mancha | B14: 2525.6
A15: Castilla_y_León | B15: 2611.7
A16: Cataluña | B16: 3128.3
A17: Ceuta | B17: 3070.9
A18: Comunidad_Valenciana | B18: 2611.7
A19: Extremadura | B19: 2410.8
A20: Galicia | B20: 2525.6
... A26: País_Vasco | B26: 3357.9
A28: Presupuesto Fase 1 Emprendedores | B28: Importe Total Gabinete | C28: Cofinanciación FSE+ (69,64%) | D28: Cofinanciación Nacional (30,36%)
A29: 30 | B29: =B32*2 -> 83966 | C29: =B29*0.6964 -> 58473.922 | D29: =B29-C29 -> 25492.078
A30: 25 | B30: =B32+B33 -> 69971.667 | C30: =B30*0.6964 -> 48728.269 | D30: =B30-C30 -> 21243.398
A31: 20 | B31: =B33*2 -> 55977.333 | C31: =B31*0.6964 -> 38982.615 | D31: =B31-C31 -> 16994.718
A32: 15 | B32: 41983 | C32: =B32*0.6964 -> 29236.961 | D32: =B32-C32 -> 12746.039
A33: 10 | B33: =(B32/3)*2 -> 27988.667 | C33: =B33*0.6964 -> 19491.307 | D33: =B33-C33 -> 8497.3592
A34: 0 | B34: 0 | C34: =B34*0.6964 -> 0 | D34: =B34-C34 -> 0
A36: Presupuesto Fase 2 Proyectos | B36: Presupuesto Máximo Elegible | C36: Cofinanciación FSE+ (69,64%) | D36: Cofinanciación Nacional (30,36%)
A37: 30 | B37: =B40*2 -> 132986 | C37: =B37*0.6964 -> 92611.45 | D37: =B37-C37 -> 40374.55
A38: 25 | B38: =B40+B41 -> 110821.67 | C38: =B38*0.6964 -> 77176.211 | D38: =B38-C38 -> 33645.459
A39: 20 | B39: =B41*2 -> 88657.34 | C39: =B39*0.6964 -> 61740.972 | D39: =B39-C39 -> 26916.368
A40: 15 | B40: 66493 | C40: =B40*0.6964 -> 46305.725 | D40: =B40-C40 -> 20187.275
A41: 10 | B41: 44328.67 | C41: =B41*0.6964 -> 30870.486 | D41: =B41-C41 -> 13458.184
A42: 0 | B42: 0 | C42: =B42*0.6964 -> 0 | D42: =B42-C42 -> 0

Sheet FP Pyme y Ferias FP Pyme
A1: 2026 | B1: FP PYME | F1: GABINETE
B2: Coste Total | C2: FSE (69,64%) | D2: CCT (30,36%) | F2: Nº Horas Efectivas del técnico | G2: Coste/Hora Único + Otros Costes 40%
A3: Gabinete FP Pyme | B3: =F3*G3 -> 0 | C3: =B3*0.6964 -> 0 | D3: =B3-C3 -> 0 | G3: 38.46
A4: TOTAL | B4: =SUM(B3:B3) -> 0 | C4: =SUM(C3:C3) -> 0 | D4: =SUM(D3:D3) -> 0
B6: FERIAS FP PYME
B7: Presupuesto por Tipo de Feria | C7: Nº Empresas Asesoradas por Tipo de Feria | D7: Insertar Nº de Ferias según tipo (máximo 4) | E7: Coste Total | F7: FSE (69,64%) | G7: CCT (30,36%)
A8: Feria FP PYME – Tipo A | B8: 60000 | C8: 60 | E8: =B8*D8 -> 0 | F8: =E8*0.6964 -> 0 | G8: =E8-F8 -> 0
A9: Feria FP PYME – Tipo B | B9: 40000 | C9: 40 | E9: =B9*D9 -> 0 | F9: =E9*0.6964 -> 0 | G9: =E9-F9 -> 0
A10: Feria FP PYME – Tipo C | B10: 20000 | C10: 20 | E10: =B10*D10 -> 0 | F10: =E10*0.6964 -> 0 | G10: =E10-F10 -> 0
A11: TOTAL | D11: =SUM(D8:D10) -> 0 | E11: =SUM(E8:E10) -> 0 | F11: =SUM(F8:F10) -> 0 | G11: =SUM(G8:G10) -> 0
D12: =IF(D11>4,"Error: Nº máximo de Ferias FPPYME = 4","")

Sheet Somos FP
A1: 2026 | B1: SOMOS FP | F1: GABINETE
B2: Coste Total | C2: FSE (69,64%) | D2: CCT (30,36%) | F2: Nº Horas Efectivas del técnico | G2: Coste/Hora Único + Otros Costes 40%
A3: Gabinete Somos FP | B3: =F3*G3 -> 0 | C3: =B3*0.6964 -> 0 | D3: =B3-C3 -> 0 | G3: 38.46
A4: TOTAL | B4: =SUM(B3:B3) -> 0 | C4: =SUM(C3:C3) -> 0 | D4: =SUM(D3:D3) -> 0
